 Dungeon Crawl Stone Soup version 0.31-a0-45-g5f0c076935 (webtiles) character file.

Game seed: 6895589894653706659

142 dracfodder the Digger (level 5, -6/28 HPs)
             Began as a Gargoyle Earth Elementalist on May 21, 2023.
             Mangled by a gnoll
             ... wielding a +0 flail
             ... led by a gnoll bouda
              (11 damage)
             ... on level 3 of the Dungeon on May 22, 2023.
             The game lasted 00:12:54 (2332 turns).

dracfodder the Digger (Gargoyle Earth Elementalist) Turns: 2332, Time: 00:12:54

Health: -6/28      AC:  6    Str: 11    XL:     5   Next: 25%
Magic:  9/9        EV: 12    Int: 18    God:
Gold:   135        SH:  0    Dex: 10    Spells: 3/10 levels left

rFire   . . .        d - +2 mace (drain)
rCold   . . .        (no shield)
rNeg    + . .        a - +0 robe
rPois   ∞            (no helmet)
rElec   +            (no cloak)
rCorr   .            (no gloves)
SInv    .            (no boots)
Will    .....        (no amulet)
Stlth   ++           (no ring)
HPRegen 0.24/turn    (no ring)
MPRegen 0.11/turn

%: no passive effects
@: no status effects
A: sickness immunity, AC +4, negative energy resistance 1, electricity
resistance, torment resistance 1, petrification resistance
a: no special abilities


You were on level 3 of the Dungeon.
You visited 1 branch of the dungeon, and saw 3 of its levels.

You collected 135 gold pieces.

Inventory:

Hand Weapons
 d - a +2 mace of draining (weapon)
Armour
 a - a +0 robe (worn)
Wands
 k - a wand of roots (1)
Scrolls
 m - a scroll of teleportation
 n - a scroll of blinking {unknown}
Potions
 c - a potion of experience {unknown}
 e - a potion of flight {unknown}
 f - 3 potions of curing {unknown}
 g - a potion of invisibility {unknown}
 h - 2 potions of haste {unknown}
 i - a potion of degeneration {unknown}
 j - a potion of might {unknown}
 l - a potion of ambrosia {unknown}


   Skills:
 + Level 0.9 Fighting
 + Level 2.0 Dodging
 + Level 2.2 Stealth
 + Level 3.1 Spellcasting
 + Level 0.2 Summonings
 + Level 1.0 Transmutations
 + Level 5.4 Earth Magic


You had 3 spell levels left.
You knew the following spells:

 Your Spells              Type           Power      Damage    Failure   Level
a - Sandblast             Erth           44%        2d11      1%          1
b - Passwall              Tmut/Erth      11%        N/A       6%          2
c - Summon Small Mammal   Summ           12%        N/A       14%         1
d - Stone Arrow           Conj/Erth      24%        3d8       16%         3

Your spell library contained the following spells:

 Spells                   Type           Power      Damage    Failure   Level
 Beastly Appendage        Tmut           12%        N/A       11%         1
 Wereblood                Tmut           6%         N/A       16%         2
 Spider Form              Tmut/Pois      4%         N/A       36%         3
 Call Canine Familiar     Summ           3%         N/A       41%         3
 Summon Guardian Golem    Hex/Summ       3%         N/A       43%         3
 Petrify                  Tmut/Erth      14%        N/A       38%         4


Dungeon Overview and Level Annotations

Branches:
Dungeon (3/15)

Altars:


Innate Abilities, Weirdness & Mutations

You are immune to sickness and miasma.
Your stone body is resilient. (AC +4)
You are immune to poison.
You resist negative energy. (rN+)
You are resistant to electric shocks. (rElec)
You are resistant to unholy torment.
You are immune to petrification.


Message History

The gnoll barely misses you. x2
Aiming: Sandblast (safe; 1% risk of failure)
Press: ? - help, Q - select action, (/) - cycle Shift-Dir - straight line, f/p - gnoll
Aim: a gnoll, wielding a +0 flail and wearing a +0 chain mail (90% to hit)
The blast of sand hits the gnoll!
The gnoll is almost dead.
The gnoll hits you but does no damage.
Aiming: Sandblast (safe; 1% risk of failure)
Press: ? - help, Q - select action, (/) - cycle Shift-Dir - straight line, f/p - gnoll
Aim: a gnoll, wielding a +0 flail and wearing a +0 chain mail (90% to hit)
The blast of sand hits the gnoll!
You kill the gnoll!
Aiming: Sandblast (safe; 1% risk of failure)
Press: ? - help, Q - select action, (/) - cycle Shift-Dir - straight line, f - gnoll, p - gnoll
Aim: a gnoll, wielding a +0 club (85% to hit)
The blast of sand hits the gnoll but does no damage.
The gnoll barely misses you.
Aiming: Sandblast (safe; 1% risk of failure)
Press: ? - help, Q - select action, (/) - cycle Shift-Dir - straight line, f/p - gnoll
Aim: a gnoll, wielding a +0 club (85% to hit)
The blast of sand hits the gnoll!
The gnoll is severely wounded.
The gnoll hits you with a +0 flail.
A gnoll comes into view. It is wielding a +0 club.
The gnoll hits you but does no damage.
Aiming: Sandblast (safe; 1% risk of failure)
Press: ? - help, Q - select action, (/) - cycle Shift-Dir - straight line, f/p - gnoll
Aim: a gnoll, wielding a +0 club (85% to hit)
The blast of sand hits the gnoll but does no damage.
The gnoll is severely wounded.
The gnoll hits you with a +0 flail.
Aiming: Sandblast (safe; 1% risk of failure)
Press: ? - help, Q - select action, (/) - cycle Shift-Dir - straight line, f/p - gnoll
Aim: a gnoll, wielding a +0 club (85% to hit)
The blast of sand hits the gnoll but does no damage.
The gnoll is severely wounded.
The gnoll hits you with a +0 flail! The gnoll hits you with a +0 flail.
* * * LOW HITPOINT WARNING * * *
Magic courses through your body. The gnoll hits you with a +0 flail!
You die...

..........#
#####.#.###
#.#.#######
#.#.......# #
#.#.#####.# g#
#.<..# .#
###..# ..
#..######.#.#.#
#...@ggg.....#
#..###########
#.†# #..# #..#
#..# #..# ...#


You could see 3 gnolls.

Vanquished Creatures
  3 adders (D:2)
  6 gnolls
  A worm (D:2)
  2 dart slugs (D:1)
  An orc (D:3)
  2 ball pythons
  6 endoplasms
  3 giant cockroaches (D:1)
  3 goblins (D:1)
  5 hobgoblins
  3 jackals (D:1)
  3 kobolds
  2 quokkas (D:1)
  3 bats
  4 frilled lizards
  2 rats (D:3)
49 creatures vanquished.

Vanquished Creatures (collateral kills)
  An endoplasm (D:1)
  A hobgoblin (D:1)
2 creatures vanquished.

Grand Total: 51 creatures vanquished

Notes
Turn   | Place    | Note
-------+----------+-------------------------------------------
     0 | D:1      | dracfodder the Gargoyle Earth Elementalist began the quest
                  | for the Orb.
     0 | D:1      | Reached XP level 1. HP: 10/10 MP: 3/3
    28 | D:1      | Reached skill level 1 in Transmutations
   115 | D:1      | Reached XP level 2. HP: 9/15 MP: 0/5
   170 | D:1      | Learned a level 2 spell: Passwall
   172 | D:1      | Learned a level 1 spell: Summon Small Mammal
   209 | D:1      | Reached skill level 4 in Earth Magic
   498 | D:1      | Found a faded altar of an unknown god.
   683 | D:1      | Reached XP level 3. HP: 16/19 MP: 2/6
  1410 | D:2      | Reached XP level 4. HP: 18/24 MP: 6/8
  1414 | D:2      | Learned a level 3 spell: Stone Arrow
  1778 | D:2      | Reached skill level 5 in Earth Magic
  2066 | D:2      | Reached XP level 5. HP: 28/28 MP: 5/9
  2332 | D:3      | Mangled by a gnoll

Illustrated notes

Levels and vault maps discovered:
D:1:      eino_arrival_druids_welcome, layout_basic,
          shapermc_ecumenical_altar_pompeii, serial_bayou_ford_a,
          hangedman_decor_diamond_cutter
D:2:      layout_loops_ring, nicolae_grassy_gnolls
D:3:      layout_loops_ring

Skill      XL: |  1  2  3  4 |
---------------+-------------+-----
Transmutations | 1 |  1.0
Earth Magic    | 4 5 |  5.4
Dodging        | 2 |  2.0
Spellcasting   | 3 |  3.1
Fighting       | |  0.9
Stealth        | |  2.2
Summonings     | |  0.2

Action                     |  1- 3 |  4- 6 || total
---------------------------+-------+-------++-------
  Melee: Falchion          |    16 |       ||    16
         Mace              |     7 |       ||     7
   Cast: Sandblast         |    43 |    26 ||    69
         Summon Small Mamm |    11 |     5 ||    16
         Stone Arrow       |       |     2 ||     2
    Use: Scroll            |       |     1 ||     1
         Potion            |       |     1 ||     1
 Armour: Robe              |    19 |     4 ||    23
  Dodge: Dodged            |    25 |     9 ||    34

Table legend: (Time is in decaauts)
 A = Elapsed time spent in this place.
 B = Non-inter-level travel time spent in this place.
 C = Inter-level travel time spent in this place.
 D = Time resting spent in this place.
 E = Time spent auto-exploring this place.
 F = Levels seen in this place.
 G = Mean time per level.
                   A        B        C        D        E       F      G
               +--------+--------+--------+--------+--------+-----+--------+
         Total |   2388 |   2321 |     67 |    322 |   1514 |   3 |  796.0 |
       Dungeon |   2388 |   2321 |     67 |    322 |   1514 |   3 |  796.0 |
               +--------+--------+--------+--------+--------+-----+--------+

Top non-repeatable levels by time:
     D:1: 1294 daAuts
     D:2: 987 daAuts
     D:3: 105 daAuts
